 Dungeon Crawl Stone Soup version 0.30-b1-2-g02819fbbbe (webtiles) character file.

Game seed: 11263661810432184227

163216 raph the Geomancer (level 17, -27/100 HPs)
             Began as a Gargoyle Earth Elementalist on Dec 19, 2023.
             Was a High Priest of Vehumet.
             Annihilated by a kraken (36 damage)
             ... on level 1 of the Shoals on Dec 20, 2023.
             The game lasted 01:12:37 (40512 turns).

raph the Geomancer (Gargoyle Earth Elementalist)   Turns: 40512, Time: 01:12:38

Health: -27/100    AC: 25    Str: 13    XL:     17   Next: 82%
Magic:  3/30       EV: 15    Int: 25    God:    Vehumet [*****.]
Gold:   1453       SH:  7    Dex: 16    Spells: 2/34 levels left

rFire   . . .        b - +4 demon whip (venom)
rCold   + . .        X - +1 buckler {rC+}
rNeg    + . .        H - +1 steam dragon scales
rPois   ∞            v - +2 helmet {SInv}
rElec   +            P - +0 cloak
rCorr   .            S - +1 pair of gloves of Qeaniemn {rElec Will+ Int+2}
SInv    +            I - +0 pair of boots
Will    ++...        T - amulet of regeneration
Stlth   +++++        i - +4 ring of slaying
HPRegen 1.16/turn    V - +6 ring of dexterity
MPRegen 0.22/turn

%: no passive effects
@: flying
A: sickness immunity, AC +12, big wings, negative energy resistance 1,
electricity resistance, torment resistance 1, petrification resistance
a: Renounce Religion


You were on level 1 of the Shoals.
You worshipped Vehumet.
Vehumet was extremely pleased with you.
You visited 5 branches of the dungeon, and saw 24 of its levels.
You also visited: Sewer and Ossuary.

You collected 2435 gold pieces.
You spent 982 gold pieces at shops.

Inventory:

Hand Weapons
 b - a +4 demon whip of venom (weapon)
 w - a +3 spectral morningstar
Missiles
 n - 30 poisoned darts
 J - 19 curare-tipped darts
 O - 2 throwing nets
Armour
 v - a +2 helmet of see invisible (worn)
 H - +1 steam dragon scales (worn)
 I - a +0 pair of boots (worn)
 P - a +0 cloak (worn)
 S - the +1 pair of gloves of Qeaniemn (worn) {rElec Will+ Int+2}
   (You acquired it on level 2 of the Lair of Beasts)

   Int:       It affects your intelligence (+2).
   rElec:     It insulates you from electricity.
   Will:      It increases your willpower.
 X - a +1 buckler of cold resistance (worn)
Magical Staves
 a - a staff of conjuration
Jewellery
 e - a +4 ring of slaying
 i - a +4 ring of slaying (left hand)
 T - an amulet of regeneration (around neck)
 V - a +6 ring of dexterity (right hand)
 W - a ring of protection from cold
Wands
 f - a wand of flame (44)
 s - a wand of paralysis (9)
 t - a wand of mindburst (13)
 G - a wand of polymorph (4)
 K - a wand of iceblast (16)
 U - a wand of digging (4)
Scrolls
 k - 5 scrolls of fog
 l - a scroll of silence
 m - 3 scrolls of magic mapping
 q - 4 scrolls of blinking
 y - 3 scrolls of immolation
 F - 8 scrolls of teleportation
 N - 5 scrolls of poison
 Q - 4 scrolls of fear
 R - a scroll of brand weapon
Potions
 c - 2 potions of berserk rage
 d - 7 potions of haste
 g - 3 potions of cancellation
 h - 17 potions of curing
 j - 4 potions of heal wounds
 p - 10 potions of mutation
 u - 8 potions of might
 x - 3 potions of lignification
 z - 10 potions of brilliance
 A - 6 potions of invisibility
 B - 3 potions of flight
 C - a potion of ambrosia
 D - a potion of resistance
 L - 4 potions of attraction
 M - 4 potions of magic
Miscellaneous
 o - a lightning rod (4/4)
 r - a phial of floods (inert)


   Skills:
 + Level 9.5 Fighting
 * Level 10.1 Maces & Flails
 + Level 7.4 Dodging
 + Level 10.7 Stealth
 - Level 7.0 Shields
 * Level 9.4 Spellcasting
 * Level 13.6 Conjurations
 - Level 0.7 Transmutations
 + Level 8.4 Ice Magic
 - Level 4.3 Air Magic
 + Level 14.1 Earth Magic
 - Level 5.6 Poison Magic


You had 2 spell levels left.
You knew the following spells:

 Your Spells              Type           Power      Damage    Failure   Level
a - Sandblast             Erth           100%       2d20      0%          1
b - Passwall              Tmut/Erth      40%        N/A       1%          2
c - Stone Arrow           Conj/Erth      100%       3d13      1%          3
d - Iskenderun's Mystic   Conj/Tloc      46%        2d10      1%          4
e - Mephitic Cloud        Conj/Pois/Air  50%        N/A       1%          3
f - Freezing Cloud        Conj/Ice/Air   27%        6-21      1%          5
g - Iron Shot             Conj/Erth      34%        9d7       1%          6
h - Ignite Poison         Fire/Tmut/Pois 22%        N/A       2%          3
i - Lee's Rapid Deconstr  Erth           35%        3d18*     1%          5

Your spell library contained the following spells:

 Spells                   Type           Power      Damage    Failure   Level
 Conjure Ball Lightning   Conj/Air       27%        3x3d8     7%          6
 Kiss of Death            Conj/Necr      100%       2d13      1%          1
 Magic Dart               Conj           100%       1d8       1%          1
 Ensorcelled Hibernation  Hex/Ice        64%        N/A       1%          2
 Poisonous Vapours        Pois/Air       72%        N/A       1%          2
 Searing Ray              Conj           100%       2d8       1%          2
 Apportation              Tloc           22%        N/A       7%          1
 Necrotise                Necr           44%        1d6       7%          1
 Summon Small Mammal      Summ           44%        N/A       7%          1
 Wereblood                Tmut           15%        N/A       8%          2
 Lesser Beckoning         Tloc           22%        N/A       10%         2
 Dazzling Flash           Conj/Hex       92%        N/A       1%          3
 Fulminant Prism          Conj/Hex       23%        3d12      1%          4
 Olgreb's Toxic Radiance  Pois           39%        N/A       1%          4
 Sticky Flame             Conj/Fire      46%        2d6       1%          4
 Arcjolt                  Conj/Air       27%        1d37      1%          5
 Iskenderun's Battlesphe  Conj           69%        2d12      1%          5
 Swiftness                Air            33%        N/A       3%          3
 Petrify                  Tmut/Erth      49%        N/A       3%          4
 Spider Form              Tmut/Pois      27%        N/A       5%          3
 Orb of Destruction       Conj           34%        9d10      5%          7
 Vhi's Electric Charge    Tloc/Air       44%        N/A       9%          3
 Borgnjor's Vile Clutch   Necr/Erth      23%        N/A       10%         5
 Confusing Touch          Hex            11%        N/A       21%         3
 Gell's Gravitas          Tloc           11%        N/A       21%         3
 Summon Guardian Golem    Hex/Summ       11%        N/A       21%         3
 Teleport Other           Tloc           11%        N/A       21%         3
 Lehudib's Crystal Spear  Conj/Erth      34%        10d9      34%         8
 Ozocubu's Refrigeration  Ice            26%        4d13      41%         7
 Anguish                  Hex/Necr       5%         N/A       54%         4
 Animate Dead             Necr           11%        N/A       54%         4
 Dispel Undead            Necr           11%        3d9       54%         4
 Passage of Golubria      Tloc           11%        N/A       54%         4
 Silence                  Hex/Air        11%        N/A       58%         5
 Spellforged Servitor     Conj/Summ      23%        N/A       61%         7
 Simulacrum               Ice/Necr       16%        N/A       88%         6
 Death Channel            Necr           5%         N/A       100%        6
 Summon Hydra             Summ           5%         N/A       100%        7
 Discord                  Hex            5%         N/A       100%        8
 Ignition                 Fire           5%         3d4       100%        8
 Maxwell's Capacitive Co  Air            16%        ∞         100%        8
 Polar Vortex             Ice            26%        N/A       100%        9
 Sublimation of Blood     Necr           Unusable   N/A       N/A         2

Dungeon Overview and Level Annotations

Branches:
Dungeon (15/15)            Temple (1/1) D:5            Lair (5/5) D:11
 Shoals (1/4) Lair:2       Spider (0/4) Lair:2        Slime (0/5) Lair:4
    Orc (2/2) D:12            Elf (0/3) Orc:2        Vaults (0/5) D:14
 Depths (0/4) D:15          Sewer (visited)         Ossuary (visited)

Altars:
Ashenzari
Cheibriados
Dithmenos
Elyvilon
Fedhas
Gozag
Hepliaklqana
Kikubaaqudgha
Makhleb
Nemelex Xobeh
Okawaru
Qazlal
Ru
Sif Muna
Trog
Uskayaw
Vehumet
Wu Jian
Xom
Yredelemnul
Zin
The Shining One
Jiyva

Shops:
D:3 [   Orc:2 [*=(

Annotations:
Lair:4 3 runed translucent doors, Gyijocsou's ghost, journeyman GnEn; Hyssuutz's ghost, journeyman MiBe
Orc:1 2 runed translucent doors, exclusion: orange crystal statue
Orc:2 exclusion: upstairs


Innate Abilities, Weirdness & Mutations

You are immune to sickness and miasma.
Your stone body is resilient. (AC +12)
You are immune to poison.
Your large and strong wings let you fly.
You resist negative energy. (rN+)
You are resistant to electric shocks. (rElec)
You are resistant to unholy torment.
You are immune to petrification.


Message History

The tentacle slaps you! The tentacle misses you.
The kraken squirts a massive cloud of ink into the water!
The tentacle slaps you but does no damage.
You block the tentacle's attack.
You whack the kraken!
The kraken looks as sick as possible!
The kraken is almost dead.
The tentacle slaps you!
The tentacle slaps you but does no damage.
The kraken closely misses you. The tentacle closely misses you.
You block the tentacle's attack.
You hit the kraken.
The kraken looks as sick as possible!
The kraken is almost dead.
The tentacle slaps you but does no damage.
The tentacle slaps you. The tentacle closely misses you.
The tentacle completely misses you.
You hit the kraken but do no damage.
The kraken is almost dead.
The kraken misses you. You block the tentacle's attack.
The tentacle barely misses you. The tentacle slaps you.
The tentacle completely misses you.
You hit the kraken.
The kraken looks as sick as possible!
The kraken is almost dead.
The kraken bites you but does no damage.
The tentacle completely misses you. The tentacle slaps you.
The tentacle slaps you! You block the tentacle's attack.
You hit the kraken but do no damage.
The kraken is almost dead.
The tentacle slaps you but does no damage.
The tentacle closely misses you.
The kraken squirts a massive cloud of ink into the water!
The tentacle slaps you but does no damage. x2
You hit the kraken.
The kraken looks as sick as possible!
The kraken is almost dead.
You block the tentacle's attack. The tentacle slaps you!
* * * LOW HITPOINT WARNING * * *
The tentacle slaps you!
* * * LOW HITPOINT WARNING * * *
The tentacle slaps you but does no damage.
The kraken bites you!!!
You die...

≈≈≈≈≈≈≈≈≈≈#
≈≈≈≈≈≈≈≈≈≈≈#
≈≈≈≈≈≈≈≈≈≈≈≈≈≈≈≈≈≈#
≈≈≈≈≈≈≈≈≈≈≈≈≈≈≈≈≈≈#
≈≈≈≈~~~~~~~≈≈≈≈≈≈≈#
≈≈≈~~~~~~~~~≈≈§§§§§#
~~~~~~~~~~~~≈≈§wXw§#
~~~~~~..~~~~≈≈§w@w§#
~~~~~..~~~~~≈≈§§§§§#
#..~~ ##~~≈≈≈≈§§§§§#
#~~~~##.#~~≈≈≈≈≈≈≈≈#
~~~~~~~###~≈≈≈≈≈≈≈≈#
~~...~~~##~~≈≈≈≈≈≈≈#
≈~.#...~##~~≈≈≈≈≈≈≈#
≈~##....~~~≈≈≈≈≈≈≈≈#
###.##..~~~≈≈≈≈≈≈≈≈#


You could see a kraken (extremely poisoned) and 4 tentacles.

Vanquished Creatures
  Frances (D:12)
  2 orc warlords
  The ghost of diceflayer the Severer, a journeyman MiFi of Okawaru (D:10)
  8 hydras
  2 two-headed ogres
  2 catoblepae
  2 centaur warriors
  2 boulder beetles
  A merfolk aquamancer (Shoals:1)
  5 death yaks (D:10)
  An orc high priest (Orc:2)
  Amaemon (Lair:3)
  3 skysharks
  2 lindwurms (Lair:5)
  A wizard (D:14)
  The ghost of elgoggo the Cleaver, a novice DsMo of Makhleb (D:6)
  2 deep elf pyromancers
  5 orc knights
  A wolf spider (Lair:5)
  A faun (Shoals:1)
  4 orc sorcerers (Orc:2)
  3 cyclopes
  11 ugly things
  2 manticores
  A salamander (D:15)
  An oklob plant (Lair:2)
  A guardian serpent (Lair:5)
  An eye of devastation (shapeshifter) (D:15)
  Maurice (Orc:1)
  11 black mambas
  A cane toad (shapeshifter) (D:15)
  A torpor snail (Lair:5)
  Maggie (D:7)
  An orange demon (Lair:3)
  18 cane toads
  An unseen horror (D:12)
  A komodo dragon (Lair:5)
  A kobold demonologist (D:14)
  A tengu conjurer (D:15)
  An efreet (D:14)
  A freezing wraith (D:12)
  15 rime drakes (Lair:5)
  Prince Ribbit (D:9)
  3 trolls
  A wind drake (shapeshifter) (D:13)
  A merfolk (D:15)
  15 polar bears
  14 dream sheep
  5 hornets
  27 blink frogs
  2 raiju (Lair:5)
  7 slime creatures (D:12)
  A jumping spider (shapeshifter) (D:13)
  3 spriggans (D:10)
  3 wraiths
  12 wyverns
  6 water elementals
  3 basilisks
  A vampire (D:14)
  28 yaks
  3 redbacks (Lair:5)
  13 steam dragons
  6 vampire mosquitoes
  5 wargs
  18 water moccasins
  15 hell hounds
  2 acid dragons
  A sky beast (D:6)
  An ice beast (D:6)
  34 orc warriors
  15 black bears
  9 ogres
  A phantom (D:5)
  26 wolves
  3 boggarts (D:14)
  3 centaurs (D:12)
  3 kobold brigands
  6 bullfrogs
  2 scorpions (D:4)
  11 wights
  18 killer bees
  2 electric eels (D:8)
  8 howler monkeys
  A centaur zombie (Ossuary)
  14 orc priests
  A hound (D:6)
  5 jellies
  3 quasits (D:6)
  2 sleepcaps
  A gnoll bouda (Orc:1)
  Jessica (D:2)
  7 iguanas
  Terence (D:2)
  23 orc wizards
  6 hell rats
  5 mummies (Ossuary)
  Robin (D:3)
  5 gnolls (Orc:1)
  11 adders
  A river rat (D:4)
  3 shadow imps
  A white imp (D:7)
  2 ufetubi
  4 worms
  2 dart slugs
  62 orcs
  3 endoplasms
  10 giant cockroaches
  2 gnoll zombies (Ossuary)
  19 goblins
  5 hobgoblins
  3 jackals (D:3)
  14 kobolds
  10 quokkas
  18 ball pythons
  5 bats
  12 frilled lizards
  A goblin zombie (Ossuary)
  2 hobgoblin zombies (Ossuary)
  2 orc zombies (Ossuary)
  8 rats
737 creatures vanquished.

Vanquished Creatures (others)
  A wizard (D:9)
  A hell rat (Lair:5)
  32 fungi
  90 plants
124 creatures vanquished.

Grand Total: 861 creatures vanquished

Notes
Turn   | Place    | Note
-------+----------+-------------------------------------------
     0 | D:1      | raph the Gargoyle Earth Elementalist began the quest for
                  | the Orb.
     0 | D:1      | Reached XP level 1. HP: 10/10 MP: 3/3
   142 | D:1      | Reached skill level 4 in Earth Magic
   444 | D:1      | Reached XP level 2. HP: 11/15 MP: 3/5
   566 | D:1      | Learned a level 2 spell: Passwall
   896 | D:2      | Reached XP level 3. HP: 19/19 MP: 4/6
   900 | D:2      | Learned a level 3 spell: Stone Arrow
   923 | D:2      | Reached skill level 5 in Earth Magic
   983 | D:2      | Noticed Jessica
   997 | D:2      | Killed Jessica
  1176 | D:2      | Reached XP level 4. HP: 24/24 MP: 5/7
  1450 | D:2      | Noticed Terence
  1929 | D:3      | Found a broken altar of Ashenzari.
  1929 | D:3      | Noticed Robin
  2312 | D:3      | Reached skill level 6 in Earth Magic
  2806 | D:3      | Found a sacrificial altar of Ru.
  2865 | D:3      | Killed Robin
  2866 | D:3      | Reached XP level 5. HP: 28/28 MP: 2/9
  3222 | D:3      | Found Xydd's Armour Boutique.
  3561 | D:4      | Noticed an ogre
  3565 | D:4      | Killed an ogre
  3566 | D:4      | Reached skill level 7 in Earth Magic
  3566 | D:4      | Reached XP level 6. HP: 14/32 MP: 0/10
  3726 | D:4      | Noticed a black bear
  3738 | D:4      | Killed a black bear
  3874 | D:4      | Found a glowing drain.
  3881 | D:4      | Reached skill level 8 in Earth Magic
  3888 | Sewer    | Entered a sewer
  3972 | Sewer    | Reached XP level 7. HP: 36/36 MP: 10/12
  4716 | D:3      | Bought a +2 helmet of see invisible for 236 gold pieces
  4815 | D:5      | Entered Level 5 of the Dungeon
  4917 | D:5      | Found a sand-covered staircase.
  4963 | D:5      | Learned a level 4 spell: Petrify
  4967 | D:5      | Learned a level 3 spell: Mephitic Cloud
  4969 | Ossuary  | Entered an ossuary
  5625 | D:5      | Reached skill level 1 in Fighting
  5625 | D:5      | Reached skill level 9 in Earth Magic
  5645 | D:5      | Reached skill level 1 in Poison Magic
  5645 | D:5      | Reached XP level 8. HP: 43/43 MP: 6/14
  5966 | D:5      | Found a staircase to the Ecumenical Temple.
  5980 | Temple   | Entered the Ecumenical Temple
  6232 | Temple   | Became a worshipper of Vehumet
  6284 | D:5      | Reached skill level 1 in Shields
  6716 | D:6      | Identified the +1 robe of Rationality {Rampage Str+2}
  6738 | D:6      | Found a transporter.
  6738 | D:6      | Noticed elgoggo's ghost (novice DsMo)
  7154 | D:6      | Found a transporter.
  7395 | D:6      | Identified the +2 leather armour of Objectivity {rPois}
  7534 | D:6      | Reached skill level 10 in Earth Magic
  7861 | D:6      | Reached skill level 5 in Spellcasting
  7861 | D:6      | Reached XP level 9. HP: 49/49 MP: 7/16
  8356 | D:2      | Killed Terence
  9270 | D:7      | Noticed Maggie
  9346 | D:7      | Killed Maggie
 10392 | D:8      | Reached skill level 1 in Conjurations
 10547 | D:8      | Reached * piety under Vehumet
 10547 | D:8      | Offered knowledge of Foxfire by Vehumet.
 10717 | D:8      | Reached skill level 5 in Stealth
 10988 | D:8      | Reached XP level 10. HP: 47/56 MP: 15/18
 10994 | D:8      | Reached skill level 11 in Earth Magic
 11065 | D:9      | Found a basalt altar of Yredelemnul.
 11065 | D:9      | Found a hide-covered altar of Uskayaw.
 11425 | D:9      | Noticed a two-headed ogre
 11430 | D:9      | Killed a two-headed ogre
 11524 | D:9      | Noticed Prince Ribbit
 11530 | D:9      | Killed Prince Ribbit
 12173 | D:9      | Found a bloodstained altar of Trog.
 12174 | D:9      | Noticed a wizard
 12179 | D:9      | Killed a wizard
 12317 | D:10     | Entered Level 10 of the Dungeon
 12768 | D:10     | Found a runed translucent door.
 12769 | D:10     | Noticed diceflayer's ghost (journeyman MiFi)
 12771 | D:10     | Identified the +5 spear of Ethereal Action {flame, rF+ rC++
                  | Int+4}
 12773 | D:10     | Noticed a spriggan rider
 13009 | D:10     | Reached skill level 5 in Fighting
 13019 | D:10     | Reached skill level 5 in Conjurations
 13022 | D:10     | Reached skill level 5 in Shields
 13074 | D:10     | Reached XP level 11. HP: 37/63 MP: 20/20
 13212 | D:10     | Offered knowledge of Static Discharge by Vehumet.
 13261 | D:10     | Reached ** piety under Vehumet
 13727 | D:11     | Noticed a death yak
 13727 | D:11     | Found a staircase to the Lair.
 13729 | D:11     | Noticed a death yak
 13733 | D:10     | Killed a death yak
 13800 | D:11     | Noticed a death yak
 13805 | D:10     | Reached skill level 1 in Maces & Flails
 13953 | D:11     | Noticed a death yak
 14549 | D:10     | Found a runed translucent door.
 14591 | D:10     | Killed a death yak
 14592 | D:10     | Reached skill level 5 in Poison Magic
 14740 | D:11     | Noticed a death yak
 14933 | D:10     | Killed a death yak
 15222 | D:10     | Killed a death yak
 15357 | D:10     | Killed a death yak
 15672 | D:11     | Noticed a two-headed ogre
 15678 | D:11     | Killed a two-headed ogre
 15883 | D:11     | Noticed a deep elf pyromancer
 15887 | D:11     | Killed a deep elf pyromancer
 16091 | D:11     | Noticed a cyclops
 16095 | D:11     | Killed a cyclops
 16143 | D:11     | Reached skill level 12 in Earth Magic
 16520 | Lair:1   | Entered Level 1 of the Lair of Beasts
 16524 | Lair:1   | Reached XP level 12. HP: 70/70 MP: 12/22
 16594 | Lair:1   | Learned a level 5 spell: Freezing Cloud
 16702 | Lair:1   | Reached skill level 5 in Dodging
 16993 | Lair:1   | Reached skill level 1 in Ice Magic
 17868 | Lair:2   | Found a staircase to the Shoals.
 17877 | Lair:2   | Reached skill level 1 in Air Magic
 18044 | Lair:2   | Noticed a catoblepas
 18058 | Lair:2   | Killed a catoblepas
 18378 | Lair:2   | Offered knowledge of Momentum Strike by Vehumet.
 18520 | Lair:2   | Found a hole to the Spider Nest.
 18567 | Lair:2   | Identified a scroll of acquirement
 18567 | Lair:2   | Acquired the +1 pair of gloves of Qeaniemn {rElec Will+
                  | Int+2}
 19129 | Lair:3   | Noticed Amaemon
 19142 | Lair:3   | Killed Amaemon
 19589 | Lair:3   | Reached *** piety under Vehumet
 20695 | Lair:4   | Reached XP level 13. HP: 65/76 MP: 10/24
 20757 | Lair:4   | Found a viscous altar of Jiyva.
 20757 | Lair:4   | Found a staircase to the Slime Pits.
 20849 | Lair:4   | Found a runed translucent gate.
 20849 | Lair:4   | Found a runed translucent gate.
 20849 | Lair:4   | Found a runed translucent gate.
 20922 | Lair:4   | Offered knowledge of Dazzling Flash by Vehumet.
 20927 | Lair:4   | Learned a level 3 spell: Dazzling Flash
 20948 | Lair:4   | Identified the +6 scale mail of Loss {rC+ Will+ Dex-5}
 21898 | Lair:4   | Noticed Hyssuutz's ghost (journeyman MiBe)
 21899 | Lair:4   | Noticed Gyijocsou's ghost (journeyman GnEn)
 22022 | Lair:5   | Entered Level 5 of the Lair of Beasts
 22391 | Lair:5   | Reached skill level 5 in Ice Magic
 23025 | Lair:5   | Reached **** piety under Vehumet
 23912 | Lair:4   | Offered knowledge of Ignite Poison by Vehumet.
 24264 | Lair:5   | Learned a level 3 spell: Ignite Poison
 24563 | Lair:5   | Reached skill level 13 in Earth Magic
 25103 | Lair:5   | Reached ***** piety under Vehumet
 25103 | Lair:5   | Offered knowledge of Lee's Rapid Deconstruction by Vehumet.
 25111 | Lair:5   | Gained mutation: Your large and strong wings let you fly.
                  | [Gargoyle growth]
 25111 | Lair:5   | Reached XP level 14. HP: 83/83 MP: 26/26
 25118 | Lair:5   | Learned a level 5 spell: Lee's Rapid Deconstruction
 25344 | Lair:5   | Reached skill level 5 in Maces & Flails
 25526 | Lair:4   | Reached skill level 10 in Conjurations
 27274 | Lair:5   | Identified the +1 robe of the Pink Corner {rElec rN+
                  | Slay+3}
 29227 | D:12     | Offered knowledge of Iskenderun's Mystic Blast by Vehumet.
 29249 | D:12     | Learned a level 4 spell: Iskenderun's Mystic Blast
 29774 | D:12     | Reached XP level 15. HP: 89/89 MP: 24/27
 29821 | D:12     | Found a staircase to the Orcish Mines.
 30123 | D:12     | Noticed Frances
 30129 | D:12     | Killed Frances
 30534 | Orc:1    | Entered Level 1 of the Orcish Mines
 30586 | Orc:1    | Found a burning altar of Makhleb.
 30729 | Orc:2    | Entered Level 2 of the Orcish Mines
 30823 | Orc:1    | Noticed an orc warlord
 31346 | Orc:2    | Reached skill level 10 in Stealth
 33005 | Orc:2    | Noticed an orc warlord
 33019 | Orc:2    | Killed an orc warlord
 33177 | Orc:2    | Reached XP level 16. HP: 95/95 MP: 28/28
 33178 | Orc:2    | Reached XP level 17. HP: 99/99 MP: 29/29
 33189 | Orc:2    | Found Odghicul's Antique Armour Shop.
 33196 | Orc:2    | Found Ycudovac's Jewellery Shop.
 33711 | Orc:2    | Found a staircase to the Elven Halls.
 33949 | Orc:2    | Found Zeckaloa's Antique Weapon Shop.
 33964 | Orc:2    | Found Oclec's General Store.
 33971 | Orc:2    | Bought a wand of iceblast (3) for 86 gold pieces
 33987 | Orc:2    | Bought an amulet of regeneration for 480 gold pieces
 34010 | Orc:2    | Bought 2 scrolls of enchant weapon for 180 gold pieces
 34107 | Orc:1    | Found a runed translucent door.
 34549 | Orc:1    | Noticed Maurice
 34554 | Orc:1    | Killed Maurice
 34557 | Orc:1    | Found the +10 tower shield of Ignorance {rN+ Int-4}
 35416 | Orc:1    | Found a runed translucent door.
 35745 | D:6      | Killed elgoggo's ghost
 36222 | D:10     | Killed diceflayer's ghost
 36871 | D:13     | Offered knowledge of Conjure Ball Lightning by Vehumet.
 37046 | D:13     | Identified the +10 short sword "Oxza" {drain, rElec Str-5
                  | Dex+5}
 37868 | D:14     | Found a gate to the Vaults.
 38552 | D:14     | Reached skill level 14 in Earth Magic
 38869 | D:15     | Entered Level 15 of the Dungeon
 39213 | D:15     | Learned a level 6 spell: Iron Shot
 39226 | D:15     | Reached skill level 10 in Maces & Flails
 39263 | D:15     | Found an opulent altar of Gozag.
 39840 | D:15     | Found a staircase to the Depths.
 40139 | Shoals:1 | Entered Level 1 of the Shoals
 40493 | Shoals:1 | Noticed a kraken
 40512 | Shoals:1 | Annihilated by a kraken

Illustrated notes

Levels and vault maps discovered:
D:1:      dpeg_arrival_more_subterranean_lakeside_camping, layout_rooms,
          dk_noncrumbling_4, chequers_serial_rivers_large_b, chequers_arboretum
D:2:      layout_loops_cross, minmay_tetromino_i4, uniq_terence, uniq_jessica
D:3:      layout_basic, lemuel_crystal_altar, evilmike_ruin_ashenzari,
          serial_shops, shop, uniq_robin
D:4:      layout_basic, portal_sewer_entry_b, grunt_ministairs_2
D:5:      layout_rooms, minmay_temple_entry_slanted, serial_glass,
          glass_columns_c, glass_columns_a, glass_columns_a, glass_columns_a,
          nicolae_ossuary_entry_ruins, corexii_hall_statues_i
D:6:      layout_loops_ring, gammafunk_ghost_stat_death,
          dreamdust_mushroom_princess, nicolae_eternal_life
D:7:      layout_cave_pools, uniq_maggie
D:8:      layout_loops_ring, minivault_14
D:9:      layout_stronghold, trog_wizard, grunt_temple_overflow_open,
          kennysheep_boxes, uniq_prince_ribbit1
D:10:     layout_roguey, ebering_ghost_funeral_grove
D:11:     layout_roguey, dpeg_lair_monsters
D:12:     layout_roguey, orc_0_dummy, blue_anna_alchemist, uniq_frances
D:13:     layout_roguey, hive_lemuel
D:14:     layout_gridville, david_vaults_1, nrook_pool_corridor
D:15:     hangedman_depths_entry_try_elsewhere_first, layout_gridville,
          grunt_gozag_statues, amcnicky_mini_pool_small
Temple:   nicolae_temple_bog_church
Lair:1:   layout_roguey
Lair:2:   layout_chaotic_city, elwin_shoals_entry_rocks, spider_nest_entry_webs,
          cheibrodos_lair_reptile_den
Lair:3:   layout_regular_city, grunt_megastairs_1, uniq_amaemon
Lair:4:   layout_misc_corridors, nicolae_slime_entry_field_trip,
          gammafunk_ghost_cemetery, cheibrodos_lair_lostbears,
          grunt_megastairs_2
Lair:5:   hangedman_lair_caniforms_friends, layout_big_grid,
          hangedman_lair_tendril_chambers, grunt_forest_stairs_basic,
          bobbens_dragon_lair_wall
Shoals:1: layout_shoals, serial_shops, shop, nicolae_shoals_lost_giant_hut,
          nicolae_shop_dragon_depot, uniq_roxanne
Orc:1:    layout_caves, basic_altar, chequers_guarded_unrand_ignorance,
          uniq_maurice
Orc:2:    grunt_orc_cross, layout_caves, basic_altar

Skill      XL: |  1  2  3  4  5  6  7  8  9 10 11 12 13 14 15 16 17 |
---------------+----------------------------------------------------+-----
Earth Magic    | 4 5 6 7 8 9 10 11 12 13 14 | 14.1
Spellcasting   | 3 4 5 6 7 8 9 |  9.4
Fighting       | 1 2 4 5 6 7 8 9 |  9.5
Poison Magic   | 1 2 3 4 5 |  5.6
Dodging        | 2 3 4 5 6 7 |  7.4
Stealth        | 3 5 6 7 8 9 10 | 10.7
Shields        | 2 3 5 6 7 |  7.0
Conjurations   | 2 5 6 8 9 11 13 | 13.6
Maces & Flails | 2 4 6 9 10 | 10.1
Ice Magic      | 4 6 7 8 |  8.4
Air Magic      | 2 3 4 |  4.3
Transmutations | |  0.7

Action                     |  1- 3 |  4- 6 |  7- 9 | 10-12 | 13-15 | 16-18 || total
---------------------------+-------+-------+-------+-------+-------+-------++-------
  Melee: Unarmed           |    21 |       |       |       |       |       ||    21
         Dagger            |       |     6 |    15 |     4 |       |       ||    25
         Morningstar       |       |       |       |    47 |       |       ||    47
         Demon whip        |       |       |       |    15 |   215 |    59 ||   289
         Staff             |       |       |       |     8 |    32 |     2 ||    42
  Throw: Boomerang         |       |       |       |     2 |       |       ||     2
         Dart              |       |       |       |       |     3 |       ||     3
   Cast: Sandblast         |    43 |    82 |   139 |    87 |    11 |     2 ||   364
         Stone Arrow       |       |    10 |    88 |   223 |   244 |    86 ||   651
         Passwall          |       |     3 |       |     2 |       |       ||     5
         Mephitic Cloud    |       |       |     1 |     5 |    11 |       ||    17
         Petrify           |       |       |       |     1 |       |       ||     1
         Freezing Cloud    |       |       |       |     2 |   103 |    44 ||   149
         Dazzling Flash    |       |       |       |       |     8 |       ||     8
         Ignite Poison     |       |       |       |       |     8 |       ||     8
         Iskenderun's Myst |       |       |       |       |    31 |    11 ||    42
         Lee's Rapid Decon |       |       |       |       |     5 |     9 ||    14
         Iron Shot         |       |       |       |       |       |    22 ||    22
  Evoke: Phial of floods   |       |       |       |       |     1 |       ||     1
    Use: Scroll            |     9 |     5 |    10 |     7 |     4 |     4 ||    39
         Potion            |       |       |     1 |       |     4 |     1 ||     6
   Stab: Sleeping          |       |       |     1 |       |     2 |     2 ||     5
         Invisible         |       |       |       |       |     1 |       ||     1
 Armour: Robe              |    13 |    26 |    50 |       |       |       ||    89
         Steam dragon scal |       |       |    16 |   154 |   276 |    53 ||   499
  Dodge: Dodged            |    22 |    46 |    91 |   187 |   330 |    89 ||   765
  Block: Buckler           |       |       |    22 |    97 |   243 |    42 ||   404
